 Dungeon Crawl Stone Soup version 0.30.0-19-g36f170ea60 (webtiles) character file.

Game seed: 11296602807309775650

80 Irreverend the Shield-Bearer (level 4, -2/40 HPs)
             Began as a Minotaur Fighter on May 29, 2023.
             Killed by divine providence
             ... invoked by an orc priest
              (9 damage)
             ... on level 3 of the Dungeon.
             The game lasted 00:01:45 (2072 turns).

Irreverend the Shield-Bearer (Minotaur Fighter)     Turns: 2072, Time: 00:01:46

Health: -2/40      AC: 14    Str: 22    XL:     4   Next: 18%
Magic:  3/3        EV:  6    Int:  5    God:
Gold:   139        SH:  4    Dex: 10    Spells: 3/3 levels left

rFire   . . .        a - +0 flail
rCold   . . .        c - +0 buckler
rNeg    . . .        k - +3 plate armour
rPois   .            (helmet restricted)
rElec   .            (no cloak)
rCorr   .            (no gloves)
SInv    .            (no boots)
Will    .....        (no amulet) Stlth
                     (no ring)
HPRegen 0.26/turn    (no ring)
MPRegen 0.08/turn

%: no passive effects
@: no status effects
A: horns 2, retaliatory headbutt
a: no special abilities


You were on level 3 of the Dungeon.
You visited 1 branch of the dungeon, and saw 3 of its levels.

You collected 139 gold pieces.

Inventory:

Hand Weapons
 a - a +0 flail (weapon)
Armour
 b - a +0 scale mail
 c - a +0 buckler (worn)
 k - a +3 plate armour (worn)
Scrolls
 g - a scroll of fog
 h - 3 scrolls of identify {unknown}
 i - a scroll of brand weapon {unknown}
 n - a scroll of teleportation {unknown}
 q - a scroll of blinking {unknown}
Potions
 d - a potion of might
 e - 2 potions of berserk rage {unknown}
 f - 3 potions of curing {unknown}
 j - a potion of haste {unknown}
 l - 2 potions of attraction {unknown}
 m - a potion of magic {unknown}
 o - a potion of heal wounds {unknown}
 p - a potion of degeneration {unknown}


   Skills:
 + Level 4.2 Fighting
 * Level 4.0 Maces & Flails
 + Level 4.2 Armour
 + Level 4.2 Shields


You had 3 spell levels left.
You didn't know any spells.
Your spell library contained the following spells:

 Spells                   Type           Power      Damage    Failure   Level
 Summon Small Mammal      Summ           0%         N/A       100%        1
 Call Canine Familiar     Summ           0%         N/A       100%        3
 Summon Guardian Golem    Hex/Summ       0%         N/A       100%        3


Dungeon Overview and Level Annotations

Branches:
Dungeon (3/15)

Altars:
Dithmenos
Ru

Shops:
D:1 :


Innate Abilities, Weirdness & Mutations

You have a pair of horns on your head.
You reflexively headbutt those who attack you in melee.


Message History

As you read the scroll labelled XEAXTU GOLERUI, it crumbles to dust.
The scroll dissolves into smoke.
It was a scroll of fog.
The orc priest invokes the aid of Beogh against you.
You barely resist. The orc hits you but does no damage. x2
You block the orc priest's attack. You block the orc's attack.
The orc attacks as you move away! The orc hits you with a +0 hand axe.
* * * LOW HITPOINT WARNING * * *
The orc priest hits you with a +0 hand axe.
* * * LOW HITPOINT WARNING * * *
You block the orc's attack.
You thump the orc priest!
You kill the orc priest!
The orc priest calls upon Beogh to heal the orc.
The orc's wounds heal themselves!
You block the orc's attack.
You have reached level 4!
You feel agile. The orc closely misses you.
The orc priest hits you but does no damage.
You closely miss the orc priest.
You headbutt the orc priest, but do no damage.
The hobgoblin barely misses you.
The orc priest hits you but does no damage.
The orc hits you but does no damage.
You closely miss the orc priest. The hobgoblin closely misses you.
The orc closely misses you. You furiously retaliate!
You headbutt the orc.
The orc priest hits you but does no damage.
The orc hits you but does no damage. You block the orc's attack.
The orc hits you but does no damage. The orc closely misses you.
You furiously retaliate!
You headbutt the orc!
You kill the orc!
The orc priest hits you but does no damage.
The orc barely misses you. You furiously retaliate!
You headbutt the orc!
You kill the orc!
The hobgoblin hits you but does no damage.
Your Maces & Flails skill increases to level 4!
You barely miss the orc priest. The orc hits you but does no damage.
The hobgoblin barely misses you.
The orc priest mumbles some strange prayers to Beogh against you.
Beogh smites you!
You die...

. #.## .. #... ... ####
.... #####
.....####+######## #....
#....g§§§§.......####.###
#g§§§........#......#
#.§ooB§......#.##.#.#
#.§g@§§....†....#.#.#
#.§g§§§......#....# +
#............#.#### #
...###'#......#.. # ###.
#.#..###.#### # ..
#.#......# . ..#.#....#
.. ..#.'.....


You could see an orc priest, an orc, a giant cockroach, a hobgoblin and a
goblin.

Vanquished Creatures
  An orc priest (D:3)
  An adder (D:3)
  2 worms
  2 orcs (D:3)
  5 bats
  2 endoplasms
  A giant cockroach (D:2)
  3 goblins
  4 hobgoblins
  2 kobolds (D:2)
  2 quokkas (D:2)
  3 frilled lizards (D:1)
  5 rats
33 creatures vanquished.

Notes
Turn   | Place    | Note
-------+----------+-------------------------------------------
     0 | D:1      | Irreverend the Minotaur Fighter began the quest for the
                  | Orb.
     0 | D:1      | Reached XP level 1. HP: 19/19 MP: 0/0
   529 | D:1      | Found Zixujipt's Book Shoppe.
   666 | D:1      | Reached XP level 2. HP: 27/27 MP: 1/1
  1190 | D:2      | Found a faded altar of an unknown god.
  1377 | D:2      | Found a shadowy altar of Dithmenos.
  1478 | D:2      | Reached XP level 3. HP: 33/33 MP: 2/2
  1969 | D:3      | Found a sacrificial altar of Ru.
  2069 | D:3      | Reached XP level 4. HP: 6/40 MP: 3/3
  2072 | D:3      | Killed from afar by an orc priest

Illustrated notes

Levels and vault maps discovered:
D:1:      wander_arrival_lonely_grave, layout_basic, serial_shops, shop,
          wander_ebering_terrifying_dragon_lair
D:2:      layout_basic, hellmonk_ecumenical_altar_prayer_group, basic_altar,
          minmay_misc_feat_tiny
D:3:      layout_basic, mainiacjoe_overflow_cross_hatched,
          worldfamousw_hep_ancestral_shrine, minmay_snake_closets, uniq_terence,
          uniq_ijyb, uniq_natasha

Skill      XL: |  1  2  3  4 |
---------------+-------------+-----
Maces & Flails | 3 4 |  4.0
Shields        | 4 |  4.2
Armour         | 4 |  4.2
Fighting       | 4 |  4.2

Action                     |  1- 3 |  4- 6 || total
---------------------------+-------+-------++-------
  Melee: Flail             |    85 |     3 ||    88
         Headbutt          |     9 |     1 ||    10
    Use: Scroll            |     1 |       ||     1
 Armour: Scale mail        |    33 |       ||    33
         Plate armour      |    31 |     9 ||    40
  Dodge: Dodged            |    38 |     7 ||    45
  Block: Buckler           |    27 |     1 ||    28
